 Dungeon Crawl Stone Soup version 0.29-a0-474-gdfe5cd140f (webtiles) character file.

Game seed: 1137790632046669481

63 Linklo the Chopper (level 3, 0/33 HPs)
             Began as a Minotaur Berserker on May 23, 2022.
             Was a Believer of Trog.
             Slain by a kobold
             ... wielding a +0 short sword
              (3 damage)
             ... on level 1 of the Dungeon.
             The game lasted 00:05:08 (1062 turns).

Linklo the Chopper (Minotaur Berserker)             Turns: 1062, Time: 00:05:09

Health: 0/33       AC:  2    Str: 23    XL:     3   Next: 87%
Magic:  2/2        EV: 12    Int:  4    God:    Trog [**....]
Gold:   55         SH:  0    Dex:  9    Spells: 2/2 levels left

rFire   . . .      SeeInvis .   n - +0 long sword
rCold   . . .      Faith    .   (no shield)
rNeg    . . .      Spirit   .   b - +0 animal skin
rPois   .          Reflect  .   (helmet restricted)
rElec   .          Harm     .   (no cloak)
rCorr   .          Rampage  .   (no gloves)
Will    .....                   (no boots)
Stlth   +.........              (no amulet)
HPRegen 0.11/turn               (no ring)
MPRegen 0.08/turn               (no ring)

@: no status effects
A: horns 2, retaliatory headbutt
a: Renounce Religion, Berserk, Trog's Hand


You were on level 1 of the Dungeon.
You worshipped Trog.
Trog was pleased with you.
You visited 1 branch of the dungeon, and saw 3 of its levels.

You collected 55 gold pieces.

Inventory:

Hand Weapons
 a - a +0 hand axe
 n - a +0 long sword (weapon)
Missiles
 d - 17 stones (quivered)
Armour
 b - a +0 animal skin (worn)
Wands
 m - a wand of iceblast (3)
Scrolls
 f - 2 scrolls of identify {unknown}
 i - a scroll of vulnerability {unknown}
 k - a scroll of blinking {unknown}
 l - a scroll of magic mapping {unknown}
 o - a scroll of amnesia {unknown}
Potions
 c - a potion of flight {unknown}
 e - a potion of invisibility {unknown}
 g - a potion of berserk rage {unknown}
 h - a potion of brilliance {unknown}
 j - a potion of haste {unknown}


   Skills:
 - Level 4.1 Fighting
 * Level 0.2 Long Blades
 - Level 4.6 Axes
 + Level 3.1 Armour
 + Level 2.8 Dodging


You had 2 spell levels left.
You didn't know any spells.
Your spell library was empty.

Dungeon Overview and Level Annotations

Branches:
Dungeon (3/15)

Altars:


Innate Abilities, Weirdness & Mutations

You have a pair of horns on your head.
You reflexively headbutt those who attack you in melee.


Message History

Trog accepts your kill. The kobold closely misses you. The hobgoblin hits you.
You hit the kobold.
The kobold is moderately wounded.
The kobold barely misses you. The hobgoblin completely misses you.
The kobold hits you with a +0 short sword.
You barely miss the kobold.
The kobold is moderately wounded.
The kobold barely misses you. You furiously retaliate!
You headbutt the kobold. The hobgoblin closely misses you.
You furiously retaliate!
You headbutt the hobgoblin!
You kill the hobgoblin!
Trog accepts your kill. The kobold barely misses you.
You hit the kobold. Your headbutt misses the kobold.
The kobold is severely wounded.
The kobold misses you.
The kobold hits you with a +0 short sword.
The kobold closely misses you. x2
You miss the kobold. Your headbutt misses the kobold.
The kobold is severely wounded.
The kobold barely misses you. The kobold hits you but does no damage.
You closely miss the kobold.
The kobold is severely wounded.
The kobold hits you with a +0 short sword.
* * * LOW HITPOINT WARNING * * *
The kobold hits you but does no damage. The kobold misses you.
The kobold hits you but does no damage.
You barely miss the kobold.
The kobold is severely wounded.
The kobold hits you with a +0 short sword.
* * * LOW HITPOINT WARNING * * *
The kobold hits you with a +0 short sword.
* * * LOW HITPOINT WARNING * * *
You hit the kobold but do no damage.
The kobold is severely wounded.
The kobold hits you with a +0 short sword.
* * * LOW HITPOINT WARNING * * *
The kobold hits you with a +0 short sword.
You die...

############
#.....!@...#
#......KK......
#..........(...
#....?.........
#..........####
#..........#
#..........#
##.###.....#


You could see 2 kobolds.

Vanquished Creatures
  A jelly (D:3)
  4 endoplasms
  3 giant cockroaches
  A goblin (D:1)
  4 hobgoblins
  5 jackals (D:1)
  5 ball pythons
  2 bats (D:1)
  2 frilled lizards (D:2)
  A kobold (D:1)
  2 rats
30 creatures vanquished.

Notes
Turn   | Place    | Note
-------+----------+-------------------------------------------
     0 | D:1      | Linklo the Minotaur Berserker began the quest for the Orb.
     0 | D:1      | Reached XP level 1. HP: 19/19 MP: 0/0
   415 | D:1      | Reached XP level 2. HP: 27/27 MP: 1/1
   785 | D:3      | Reached XP level 3. HP: 13/33 MP: 2/2
  1054 | D:1      | Reached ** piety under Trog
  1062 | D:1      | Slain by a kobold

Illustrated notes

Levels and vault maps discovered:
D:1:      nicolae_arrival_memento_mori, layout_basic
D:2:      layout_rooms, shapermc_ecumenical_altar_totnotflames
D:3:      layout_basic, uniq_jessica

Skill      XL: |  1  2 |
---------------+-------+-----
Axes           | 4 |  4.6
Fighting       | 4 |  4.1
Armour         | 3 |  3.1
Long Blades    | |  0.2
Dodging        | |  2.8

Action                   || total
-------------------------++-------
Melee: Hand axe          ||    48
       Headbutt          ||     7
       Long sword        ||    13
Throw: Stone             ||    12
Armor: Animal skin       ||    13
Dodge: Dodged            ||    53

Table legend: (Time is in decaauts)
 A = Elapsed time spent in this place.
 B = Non-inter-level travel time spent in this place.
 C = Inter-level travel time spent in this place.
 D = Time resting spent in this place.
 E = Time spent auto-exploring this place.
 F = Levels seen in this place.
 G = Mean time per level.
                   A        B        C        D        E       F      G
               +--------+--------+--------+--------+--------+-----+--------+
         Total |   1072 |    752 |    320 |    390 |    180 |   3 |  357.3 |
       Dungeon |   1072 |    752 |    320 |    390 |    180 |   3 |  357.3 |
               +--------+--------+--------+--------+--------+-----+--------+

Top non-repeatable levels by time:
     D:1: 576 daAuts
     D:3: 259 daAuts
     D:2: 236 daAuts
